 Dungeon Crawl Stone Soup version 0.29-a0-492-g10b964d8d7 (webtiles) character file.

Game seed: 6548116878495936010

7 Bruhh the Gusty (level 1, -2/14 HPs)
             Began as a Demigod Air Elementalist on May 27, 2022.
             Slain by a hobgoblin (4 damage)
             ... on level 1 of the Dungeon.
             The game lasted 00:00:50 (323 turns).

Bruhh the Gusty (Demigod Air Elementalist)           Turns: 323, Time: 00:00:50

Health: -2/14      AC:  2    Str:  9    XL:     1   Next: 73%
Magic:  0/6        EV: 12    Int: 17    God:
Gold:   16         SH:  0    Dex: 14    Spells: 3/4 levels left

rFire   . . .      SeeInvis .   (no weapon)
rCold   . . .      Faith    .   (no shield)
rNeg    . . .      Spirit   .   a - +0 robe
rPois   .          Reflect  .   (no helmet)
rElec   .          Harm     .   (no cloak)
rCorr   .          Rampage  .   (no gloves)
Will    .....                   (no boots)
Stlth   ++........              (no amulet)
HPRegen 0.04/turn               (no ring)
MPRegen 0.10/turn               (no ring)

@: no status effects
A: high MP 1, forlorn, divine attributes
a: no special abilities


You were on level 1 of the Dungeon.
You visited 1 branch of the dungeon, and saw 1 of its levels.

You collected 16 gold pieces.

Inventory:

Armour
 a - a +0 robe (worn)
Scrolls
 c - a scroll of vulnerability {unknown}
Potions
 b - a potion of magic


   Skills:
 - Level 1.7 Dodging
 - Level 1.7 Stealth
 + Level 2.3 Spellcasting
 - Level 0.8 Conjurations
 - Level 2.6 Air Magic


You had 3 spell levels left.
You knew the following spells:

 Your Spells              Type           Power      Damage    Failure   Level
a - Shock                 Conj/Air       32%        1d5       9%          1

Your spell library contained the following spells:

 Spells                   Type           Power      Damage    Failure   Level
 Static Discharge         Conj/Air       8%         N/A       14%         2
 Swiftness                Air            11%        N/A       19%         3
 Airstrike                Air            5%         N/A       52%         4


Dungeon Overview and Level Annotations

Branches:
Dungeon (1/15)

Shops:
D:1 :


Innate Abilities, Weirdness & Mutations

You have an increased reservoir of magic. (+10% MP)
You shall have no god before yourself.
Your divine heritage dramatically boosts your attributes as you level up.


Message History

A hobgoblin is nearby!
You hit the hobgoblin.
The hobgoblin is moderately wounded.
The hobgoblin misses you.
You hit the hobgoblin but do no damage.
The hobgoblin is moderately wounded.
The hobgoblin closely misses you.
You hit the hobgoblin but do no damage.
The hobgoblin is moderately wounded.
The hobgoblin hits you.
You closely miss the hobgoblin.
The hobgoblin is moderately wounded.
The hobgoblin hits you.
You are too injured to fight recklessly!
Casting: Shock (safe; 9% risk of failure)
Confirm with . or Enter, or press ? or * to list all spells.
Aiming: Shock (safe; 9% risk of failure)
Press: ? - help, Shift-Dir - straight line, f/p - hobgoblin
Aim: a hobgoblin (moderately wounded, 68% to hit)
The zap hits the hobgoblin.
The hobgoblin is severely wounded.
The zap hits the hobgoblin but does no damage.
The hobgoblin is severely wounded.
The hobgoblin hits you.
* * * LOW HITPOINT WARNING * * *
Your magical contamination has completely faded away.
The hobgoblin attacks as you move away! The hobgoblin misses you.
The hobgoblin attacks as you move away! The hobgoblin closely misses you.
The hobgoblin attacks as you move away! The hobgoblin completely misses you.
Casting: Shock (safe; 9% risk of failure)
Confirm with . or Enter, or press ? or * to list all spells.
Aiming: Shock (safe; 9% risk of failure)
Press: ? - help, Shift-Dir - straight line, f/p - hobgoblin
Aim: a hobgoblin (severely wounded, 68% to hit)
The zap misses the hobgoblin.
The hobgoblin barely misses you.
You barely miss the hobgoblin.
The hobgoblin is severely wounded.
The hobgoblin barely misses you. The hobgoblin hits you.
You die...

..>.## .....#
.....# .....#
.....# .....#####
.........#####
.....###.....######
...∩.# #####....@.#
.....# ######g#
.....# #.# ....##
#.# ...## #.######
..##
########......#
..##
..........#####
.... ####.....##
..## #...###.#


You could see a hobgoblin.

Vanquished Creatures
  2 hobgoblins (D:1)
  2 kobolds (D:1)
  2 ball pythons (D:1)
  A frilled lizard (D:1)
7 creatures vanquished.

Notes
Turn   | Place    | Note
-------+----------+-------------------------------------------
     0 | D:1      | Bruhh the Demigod Air Elementalist began the quest for the
                  | Orb.
     0 | D:1      | Reached XP level 1. HP: 14/14 MP: 5/5
   206 | D:1      | Found Irous's Book Emporium.
   323 | D:1      | Slain by a hobgoblin

Illustrated notes

Levels and vault maps discovered:
D:1:      eino_arrival_water_star, layout_rooms, serial_shops, shop

Skill      XL: |  1 |
---------------+----+-----
Spellcasting   | 2 |  2.3
Dodging        | |  1.7
Stealth        | |  1.7
Conjurations   | |  0.8
Air Magic      | |  2.6

Action                   || total
-------------------------++-------
Melee: Unarmed           ||     8
 Cast: Shock             ||    19
Armor: Robe              ||     3
Dodge: Dodged            ||    11

Table legend: (Time is in decaauts)
 A = Elapsed time spent in this place.
 B = Non-inter-level travel time spent in this place.
 C = Inter-level travel time spent in this place.
 D = Time resting spent in this place.
 E = Time spent auto-exploring this place.
 F = Levels seen in this place.
 G = Mean time per level.
                   A        B        C        D        E       F      G
               +--------+--------+--------+--------+--------+-----+--------+
         Total |    323 |    323 |      0 |      0 |    257 |   1 |  323.0 |
       Dungeon |    323 |    323 |      0 |      0 |    257 |   1 |  323.0 |
               +--------+--------+--------+--------+--------+-----+--------+

Top non-repeatable levels by time:
     D:1: 323 daAuts
